 Dungeon Crawl Stone Soup version 0.32-a0-607-g64ea0e4219 (webtiles) character file.

Game seed: 6860980538549596030

2295 mdonais the Fighter (level 9, -3/60 HPs)
             Began as an Octopode Wanderer on Mar 4, 2024.
             Was a Believer of Nemelex Xobeh.
             Slain by a two-headed ogre
             ... wielding a +0 giant club
              (18 damage)
             ... on level 8 of the Dungeon.
             The game lasted 00:32:22 (10518 turns).

mdonais the Fighter (Octopode Wanderer)            Turns: 10518, Time: 00:32:23

Health: -3/60      AC:  1    Str: 19    XL:     9   Next: 40%
Magic:  9/12       EV: 16    Int: 12    God:    Nemelex Xobeh [**....]
Gold:   125        SH:  0    Dex: 10    Spells: 6/10 levels left

rFire   . . .        a - melded +2 hand axe (freeze)
rCold   . . .        (shield currently unavailable)
rNeg    . . .        (helmet restricted)
rPois   .            (no amulet)
rElec   .            i - ring of willpower
rCorr   .            (no ring)
SInv    .            (no ring)
Will    +....        (no ring)
Stlth   ++           (no ring)
HPRegen 0.30/turn    (no ring)
MPRegen 0.13/turn    (no ring)
                     (no ring)

%: no passive effects
@: flux-form, glowing
A: glow, contaminating, reduced hp, almost no armour, amphibious, 8 rings,
camouflage 1, gelatinous body 1, (nimble swimmer 1), tentacles
a: Begin Untransformation, Renounce Religion, Draw Escape, Draw Destruction,
Draw Summoning


You were on level 8 of the Dungeon.
You worshipped Nemelex Xobeh.
Nemelex Xobeh was pleased with you.
You were something dangerously unstable.
You visited 2 branches of the dungeon, and saw 9 of its levels.

You collected 329 gold pieces.
You spent 204 gold pieces at shops.

Inventory:

Hand Weapons
 a - a +2 hand axe of freezing (melded)
   (You found it on level 1 of the Dungeon)
 b - a +3 sling
   (You found it on level 6 of the Dungeon)
 y - a +0 war axe
   (You found it on level 4 of the Dungeon)
Missiles
 f - 4 poisoned darts (quivered)
 t - 7 boomerangs
 v - 3 javelins
 Z - 2 throwing nets {=!f}
Magical Staves
 w - a staff of earth
   (You found it on level 8 of the Dungeon)
Jewellery
 i - a ring of willpower (left tentacle)
   (You took it off a hobgoblin on level 3 of the Dungeon)
Talismans
 d - a flux talisman (active)
   (You found it on level 1 of the Dungeon)
 A - a beast talisman
   (You found it on level 6 of the Dungeon)
Scrolls
 c - 2 scrolls of poison
 e - a scroll of fog
 g - 2 scrolls of immolation
 l - a scroll of revelation
 m - 2 scrolls of vulnerability {unknown}
 n - a scroll of butterflies
 o - 2 scrolls of amnesia
 q - 2 scrolls of torment {unknown}
 s - 2 scrolls of fear {unknown}
 x - a scroll of enchant armour {unknown}
 z - a scroll of brand weapon {unknown}
 T - 4 scrolls of teleportation
Potions
 h - a potion of brilliance {unknown}
 j - a potion of lignification {unknown}
 k - 2 potions of heal wounds {unknown}
 p - 3 potions of haste {unknown}
 r - a potion of resistance {unknown}
 u - a potion of cancellation {unknown}
 C - a potion of berserk rage {unknown}
 D - 3 potions of attraction
 Q - 2 potions of curing


   Skills:
 - Level 8.0 Fighting
 - Level 4.0 Axes
 - Level 4.0 Stealth
 + Level 4.0 Unarmed Combat
 - Level 1.0 Spellcasting
 - Level 3.0 Hexes
 - Level 4.0 Invocations
 * Level 6.2 Shapeshifting


You had 6 spell levels left.
You knew the following spells:

 Your Spells              Type           Power      Damage    Failure   Level
a - Slow                  Hex            28%        N/A       9%          1
b - Dazzling Flash        Conj/Hex       8%         N/A       43%         3

Your spell library contained the following spells:

 Spells                   Type           Power      Damage    Failure   Level
 Foxfire                  Conj/Fire      0%         2x1d4     30%         1
 Lesser Beckoning         Tloc           0%         N/A       41%         2
 Gell's Gravitas          Tloc           0%         N/A       65%         3
 Teleport Other           Tloc           0%         N/A       65%         3
 Cause Fear               Hex            3%         N/A       65%         4
 Anguish                  Hex/Necr       2%         N/A       85%         4
 Dimensional Bullseye     Hex/Tloc       2%         N/A       85%         4
 Flame Wave               Conj/Fire      0%         2d4       96%         4
 Ignite Poison            Fire/Alch      0%         N/A       96%         4
 Enfeeble                 Hex            3%         N/A       100%        7
 Ignition                 Fire           0%         3d3       100%        8


Dungeon Overview and Level Annotations

Branches:
Dungeon (8/15) Zot: 26377  Temple (1/1) D:4 Zot: 5752
   Lair: D:8-11

Altars:
Ashenzari
Cheibriados
Dithmenos
Elyvilon
Fedhas
Gozag
Hepliaklqana
Kikubaaqudgha
Makhleb
Nemelex Xobeh
Okawaru
Qazlal
Ru
Sif Muna
Trog
Uskayaw
Vehumet
Wu Jian
Xom
Zin
The Shining One

Shops:
D:2 [   D:4 ?   D:5 [(!*   D:8 [

Annotations:
D:7 1 exclusion


Innate Abilities, Weirdness & Mutations

You are something dangerously unstable.
You glow with magical radiation, making you easy to see and hit.
Foes you strike become dangerously contaminated with magical radiation.
Your maximum health is decreased, since you lack skill for your form.
You are incapable of wielding weapons or throwing items.
You cannot wear most types of armour.
You are amphibious.
You can wear up to eight rings at the same time.
Your skin changes colour to match your surroundings (Stealth+).
Your rubbery body absorbs attacks. (AC +1, EV +1)
((You are camouflaged when in or above water. (Stealth+)))
You have tentacles for arms and can constrict up to eight enemies at once.


Message History

You take 10 damage, and have 56/66 hp.
The centaur shoots an arrow.
The arrow closely misses you.
The centaur shoots an arrow.
The arrow barely misses you.
You climb upwards.
Level annotation: 1 exclusion
There is a stone staircase leading down here.
You start resting.
HP restored.
Health restored: 66 You climb downwards.
The centaur shoots an arrow.
The arrow closely misses you.
There is a stone staircase leading up, spattered with blood here.
Found a golden potion.
The centaur shoots an arrow.
The arrow hits you!
The centaur shoots an arrow.
The arrow closely misses you.
Items here: ))) [[ ÷.
You take 13 damage, and have 53/66 hp.
The centaur shoots an arrow.
The arrow barely misses you.
The centaur unwields a +0 orcbow.
The centaur hits you. The centaur kicks you.
You take 5 damage, and have 48/66 hp.
You barely miss the centaur. The centaur hits you.
The centaur closely misses you. The centaur barely misses you.
The centaur kicks you.
You take 3 damage, and have 45/66 hp.
You slash the centaur! You freeze the centaur. You squeeze the centaur!
You kill the centaur!
Training target 6.0 for Shapeshifting reached!
Your Shapeshifting skill increases to level 6!
You need to enable at least one skill for training.
Items here: ))) [[ ÷.
There is a stone staircase leading up, spattered with blood here.
You begin transforming.
You continue transforming. x3
Your transformation has ended.
You turn into something dangerously unstable.
Your +2 hand axe of freezing melds into your body.
Your +2 hand axe of freezing stops glowing.
The two-headed ogre shouts in stereo!
You regained 2 hp, and now have 48/60 hp.
You climb upwards.
Level annotation: 1 exclusion
There is a stone staircase leading down here.
Things that are here:
a +0 leather armour; a +0 flail
There is a stone staircase leading down here.
You regained 7 hp, and now have 56/60 hp.
You start resting.
HP restored.
Health restored: 60 You climb downwards.
The bullfrog gives a loud, deep croak!
Found an escape hatch in the ceiling.
Found a stone staircase leading down.
There is a stone staircase leading up here.
The bullfrog misses you.
You tentacle-slap the bullfrog.
The bullfrog begins to glow.
You grab the bullfrog. You squeeze the bullfrog.
The bullfrog is heavily wounded.
You constrict the bullfrog! The bullfrog hits you.
You take 4 damage, and have 56/60 hp.
You tentacle-slap the bullfrog.
The bullfrog glows dangerously bright.
The bullfrog is almost dead.
You constrict the bullfrog.
You kill the bullfrog!
Found a stone staircase leading down.
Health restored: 60
Found Guomp's Antique Armour Shop.
Found an escape hatch in the ceiling.
You are something dangerously unstable.
You are glowing.
You have 8 tentacles available for constriction.
Your movement speed is average.
Your attack delay is about 0.9.
Your damage rating with unarmed combat is about 9 (Base [3 + 4 (UC)] x 122% (Str) x 113% (Fight)).
There is an entrance to Guomp's Antique Armour Shop here.
You can access your shopping list by pressing '$'.
Search for what [Enter for "."]? jewellery Unknown command.
There is an escape hatch in the ceiling here.
There is a stone staircase leading down here.
You see here a staff of earth.
The two-headed ogre shouts in stereo!
You see here a staff of earth.
w - a staff of earth You can't do that in your present form.
Casting: Slow (safe; 9% risk of failure)
Confirm with . or Enter, or press ? or * to list all spells.
Aiming: Slow (safe; 9% risk of failure)
Press: ? - help, Shift-Dir - straight line, f - two-headed ogre
Aim: a two-headed ogre, wielding two +0 giant clubs (chance to affect: 24%)
The two-headed ogre resists with almost no effort.
You now have 11/12 mp.
Casting: Slow (safe; 9% risk of failure)
Confirm with . or Enter, or press ? or * to list all spells.
Aiming: Slow (safe; 9% risk of failure)
Press: ? - help, Shift-Dir - straight line, f/p - two-headed ogre
Aim: a two-headed ogre, wielding two +0 giant clubs (chance to affect: 24%)
The two-headed ogre resists with almost no effort.
You now have 10/12 mp.
Casting: Slow (safe; 9% risk of failure)
Confirm with . or Enter, or press ? or * to list all spells.
Aiming: Slow (safe; 9% risk of failure)
Press: ? - help, Shift-Dir - straight line, f/p - two-headed ogre
Aim: a two-headed ogre, wielding two +0 giant clubs (chance to affect: 24%)
The two-headed ogre resists with almost no effort.
You now have 9/12 mp.
Casting: Slow (safe; 9% risk of failure)
Confirm with . or Enter, or press ? or * to list all spells.
Aiming: Slow (safe; 9% risk of failure)
Press: ? - help, Shift-Dir - straight line, f/p - two-headed ogre
Aim: a two-headed ogre, wielding two +0 giant clubs (chance to affect: 24%)
The two-headed ogre resists with almost no effort.
You now have 8/12 mp.
You completely miss the two-headed ogre.
You squeeze the two-headed ogre, but do no damage.
The two-headed ogre barely misses you. The two-headed ogre closely misses you.
You tentacle-slap the two-headed ogre.
The two-headed ogre begins to glow.
You squeeze the two-headed ogre.
The two-headed ogre is lightly wounded.
You tentacle-slap the two-headed ogre but do no damage.
The two-headed ogre glows dangerously bright.
You squeeze the two-headed ogre!
The two-headed ogre is moderately wounded.
The two-headed ogre misses you. The two-headed ogre closely misses you.
You tentacle-slap the two-headed ogre.
The two-headed ogre shudders as magic cascades through it!
The two-headed ogre twists and deforms.
You squeeze the two-headed ogre.
The two-headed ogre is heavily wounded.
The two-headed ogre hits you with a +0 giant club!!
The two-headed ogre barely misses you.
You take 26 damage, and have 34/60 hp.
MASSIVE DAMAGE!!
You closely miss the two-headed ogre.
The two-headed ogre is heavily wounded.
You barely miss the two-headed ogre.
The two-headed ogre is heavily wounded.
The two-headed ogre closely misses you. x2
You barely miss the two-headed ogre. You squeeze the two-headed ogre.
The two-headed ogre is heavily wounded.
You barely miss the two-headed ogre.
The two-headed ogre is heavily wounded.
The two-headed ogre hits you with a +0 giant club!!
* * * LOW HITPOINT WARNING * * *
The two-headed ogre misses you.
You take 21 damage, and have 14/60 hp.
MASSIVE DAMAGE!!
You closely miss the two-headed ogre.
Your squeeze misses the two-headed ogre.
The two-headed ogre is heavily wounded.
The two-headed ogre misses you. The two-headed ogre barely misses you.
You tentacle-slap the two-headed ogre.
The two-headed ogre begins to glow.
You squeeze the two-headed ogre!
The two-headed ogre is almost dead.
You tentacle-slap the two-headed ogre.
The two-headed ogre glows dangerously bright.
The two-headed ogre is almost dead.
The two-headed ogre hits you with a +0 giant club!!
You die...
Your body disappears without additional glow.

#.. #.#..# ..# ##
#.# ... #.## #.#
##.. ###..# #.#
... #..<.. #.#
#.#.........O
#.##...###.##.....
#........ .......
#O####.## .##.....
##p# # ...... #..#
#...... #.##
#.....> #.# #.#
#.# #.# #.# #.#


You could see a two-headed ogre (heavy contam, misshapen).

Vanquished Creatures
  Menkaure (D:4)
  A water moccasin (D:7)
  An orc warrior (D:6)
  A black bear (D:6)
  An ice beast (D:6)
  2 sky beasts
  3 centaurs
  A bullfrog (D:8)
  5 electric eels (D:6)
  2 howler monkeys (D:7)
  3 hounds
  6 orc priests
  A jelly (D:7)
  2 iguanas
  2 sleepcaps
  Natasha (thrice) (D:4)
  11 orc wizards
  6 gnolls
  8 adders
  A white imp (D:8)
  4 ribbon worms
  3 dart slugs
  32 orcs
  7 endoplasms
  4 giant cockroaches
  2 goblins
  8 hobgoblins
  2 jackals (D:3)
  4 kobolds
  4 quokkas
  3 ball pythons
  7 bats
  2 frilled lizards
143 creatures vanquished.

Notes
Turn   | Place    | Note
-------+----------+-------------------------------------------
     0 | D:1      | mdonais the Octopode Wanderer began the quest for the Orb.
     0 | D:1      | mdonais set off with the following items: a +1 hand axe, a
                  | potion of attraction; and the following spell memorised:
                  | Slow; and the following spells available to memorise:
                  | Dazzling Flash, Dimensional Bullseye.
     0 | D:1      | Reached XP level 1. HP: 14/14 MP: 2/2
   162 | D:1      | Reached skill level 1 in Stealth
   288 | D:1      | Reached XP level 2. HP: 19/19 MP: 0/3
   977 | D:2      | Found Ceselepe's Armour Shoppe.
  1073 | D:2      | Reached XP level 3. HP: 20/25 MP: 0/4
  1292 | D:2      | Reached skill level 3 in Fighting
  1734 | D:2      | Found a faded altar of an unknown god.
  1795 | D:3      | Learned a level 3 spell: Dazzling Flash
  1898 | D:3      | Reached XP level 4. HP: 31/32 MP: 0/5
  2219 | D:3      | Reached skill level 4 in Fighting
  2374 | D:3      | Got the Almanac of the Coals
  2828 | D:4      | Noticed Natasha
  2836 | D:4      | Killed Natasha
  2837 | D:4      | Reached XP level 5. HP: 14/37 MP: 6/6
  3196 | D:4      | Noticed Menkaure
  3210 | D:4      | Noticed Natasha
  3221 | D:4      | Killed Natasha
  3222 | D:4      | Reached skill level 5 in Fighting
  3328 | D:4      | Noticed Natasha
  3341 | D:4      | Killed Natasha
  3342 | D:4      | Reached XP level 6. HP: 36/45 MP: 0/7
  3431 | D:4      | Found Osetse's Magic Scroll Emporium.
  3434 | D:4      | Bought a scroll of teleportation for 42 gold pieces
  3434 | D:4      | Bought a scroll of identify for 28 gold pieces
  3434 | D:4      | Bought a scroll of poison for 56 gold pieces
  3463 | D:4      | Found a staircase to the Ecumenical Temple.
  3472 | Temple   | Entered the Ecumenical Temple
  3517 | Temple   | Became a worshipper of Nemelex Xobeh the Trickster
  3592 | D:4      | HP: 2/45 [something (3)]
  3769 | D:4      | Found a white marble altar of Elyvilon.
  4011 | D:4      | Found a sacrificial altar of Ru.
  4078 | D:4      | Killed Menkaure
  4079 | D:4      | Reached skill level 6 in Fighting
  4232 | D:5      | Entered Level 5 of the Dungeon
  4232 | D:5      | Found a burning altar of Makhleb.
  4284 | D:4      | Reached XP level 7. HP: 33/52 MP: 7/9
  5285 | D:5      | Found Gemus's Assorted Antiques.
  5285 | D:5      | Found Aleicuediu's Distillery.
  5285 | D:5      | Found Sogh's Antique Armour Emporium.
  5287 | D:5      | Found Conoy's Weapon Emporium.
  5298 | D:5      | Reached skill level 7 in Fighting
  5543 | D:5      | Found an ancient bone altar of Kikubaaqudgha.
  5670 | D:5      | Bought a scroll labelled LEQU URCHUFATT for 27 gold pieces
  5670 | D:5      | Bought a sapphire potion for 24 gold pieces
  5670 | D:5      | Bought a scroll labelled QENGERCH SAOSS for 27 gold pieces
  5697 | D:6      | Noticed a steam dragon
  5790 | D:6      | Reached * piety under Nemelex Xobeh
  5831 | D:6      | Reached XP level 8. HP: 54/61 MP: 4/10
  6190 | D:6      | Reached skill level 8 in Fighting
  6317 | D:6      | Reached skill level 1 in Unarmed Combat
  8156 | D:6      | Found a shimmering altar of Xom.
  8157 | D:6      | Found a stormy altar of Qazlal.
  8658 | D:7      | Received a gift from Nemelex Xobeh
  9057 | D:7      | Reached XP level 9. HP: 61/66 MP: 12/12
  9251 | D:6      | Reached skill level 5 in Shapeshifting
  9696 | D:7      | Reached ** piety under Nemelex Xobeh
  9903 | D:8      | Noticed a two-headed ogre
 10457 | D:8      | Found Guomp's Antique Armour Shop.
 10518 | D:8      | Slain by a two-headed ogre

Illustrated notes

Levels and vault maps discovered:
D:1:      amcnicky_arrival_abandoned_market, layout_basic,
          hangedman_abyss_or_decor_lesser_grid
D:2:      layout_loops_ring, serial_shops, shop,
          shapermc_ecumenical_altar_mp_vishouse
D:3:      layout_rooms
D:4:      nicolae_cairo_tiling_large_dashed, layout_basic,
          mainiacjoe_overflow_concentric_impassable,
          mainiacjoe_overflow_alcove_2, minmay_temple_entry_trees, serial_shops,
          nicolae_shop_rolled_up, uniq_natasha, uniq_menkaure
D:5:      layout_rooms, mainiacjoe_overflow_cross_hatched, lemuel_round_altar,
          serial_rivers, chequers_serial_rivers_micro_e,
          chequers_serial_rivers_marsh, chequers_serial_rivers_room_a,
          chequers_serial_rivers_small_b, grunt_ministairs_3, chequers_jeans,
          mrwooster_statue_mirror, minmay_shop_grid_forest,
          grunt_decor_one_mirror
D:6:      layout_loops_ring, nicolae_overflow_squiral, kennysheep_boxes
D:7:      layout_layer_cave, minmay_misc_feat_chi, grunt_ministairs_1,
          minmay_statues_item
D:8:      layout_rooms, serial_shops, nicolae_shop_statue_plus
Temple:   regret_index_temple_waves

Skill      XL: |  1  2  3  4  5  6  7  8  9 |
---------------+----------------------------+-----
Stealth        | 2 3 4 |  4.0
Fighting       | 3 4 5 6 7 8 |  8.0
Invocations    | 2 3 4 |  4.0
Unarmed Combat | 4 |  4.0
Shapeshifting  | 4 6 |  6.2
Axes           | |  4.0
Spellcasting   | |  1.0
Hexes          | |  3.0

Action                     |  1- 3 |  4- 6 |  7- 9 || total
---------------------------+-------+-------+-------++-------
  Melee: Hand axe          |    49 |    84 |   153 ||   286
         Constrict         |     9 |    22 |    33 ||    64
         Tentacles         |     5 |    15 |    36 ||    56
         Unarmed           |       |       |    13 ||    13
   Fire: Sling             |       |       |    99 ||    99
  Throw: Javelin           |       |       |     3 ||     3
   Cast: Slow              |    28 |    22 |    33 ||    83
    Use: Scroll            |       |     4 |     3 ||     7
         Potion            |       |     4 |       ||     4
   Stab: Sleeping          |     5 |     1 |     1 ||     7
 Armour: Skin              |    12 |    71 |   163 ||   246
  Dodge: Dodged            |    22 |    29 |   109 ||   160
   Form: Beast             |       |       |     1 ||     1
         Flux              |       |       |     1 ||     1

Table legend: (Time is in decaauts)
 A = Elapsed time spent in this place.
 B = Non-inter-level travel time spent in this place.
 C = Inter-level travel time spent in this place.
 D = Time resting spent in this place.
 E = Time spent auto-exploring this place.
 F = Levels seen in this place.
 G = Mean time per level.
                   A        B        C        D        E       F      G
               +--------+--------+--------+--------+--------+-----+--------+
         Total |  10592 |  10091 |    501 |   2608 |   5391 |   9 | 1176.9 |
       Dungeon |  10345 |   9929 |    416 |   2454 |   5391 |   8 | 1293.1 |
        Temple |    247 |    162 |     85 |    154 |      0 |   1 |  247.0 |
               +--------+--------+--------+--------+--------+-----+--------+

Top non-repeatable levels by time:
     D:6: 2708 daAuts
     D:7: 1811 daAuts
     D:4: 1595 daAuts
     D:5: 1446 daAuts
     D:1: 978 daAuts
     D:3: 873 daAuts
     D:2: 810 daAuts
  Temple: 247 daAuts
     D:8: 122 daAuts
